Map: Mist Opportunities

Players

NamroodTuo

  • Race: Zerg Zerg

kayzer

  • Race: Protoss Protoss
  • Spawn Location: 6:00

VOD

Have the link to the VOD?

Description

Time

  • Played on: April 28, 2023, 3:25 a.m.
  • Length: 30:07
Show
View Real Time Build Order
Export as new Build Order

NamroodTuo Zerg 

Build Orders:  

Get SALT Encoding   

  12  0:21  Infested Barracks  
  12  0:36  Overlord  
  12  0:38  Infested SCV  
  13  0:44  Infested SCV  
  14  0:59  Infested Colonist Compound, Infested SCV  
  15  1:04  Overlord  
  15  1:27  Infestation Level 1  
  15  1:34  Infested SCV  
  16  1:43  Infested SCV  
  16  1:46  Infested SCV  
  18  1:50  Infested SCV  
  18  1:57  Infested SCV  
  20  2:13  Overlord  
  20  2:23  Infested Refinery  
  20  2:28  Infested Refinery, Infested SCV  
  21  2:39  Infested Engineering Bay  
  21  2:46  Infested SCV  
  22  3:11  Infested SCV  
  22  3:17  Infested SCV  
  24  3:30  Infested Barracks Tech Lab  
  24  3:33  Infested SCV  
  25  4:14  Retinal Augmentation  
  25  4:18  Stukov Infantry Weapons Level 1  
  25  4:25  Unknown  
  25  4:31  Infested SCV x2  
  25  4:32  Infested SCV  
  28  4:40  Infested SCV  
  28  4:49  Infested Marine x2  
  31  4:50  Infested Command Center, Infested Marine x4  
  31  4:51  Infested Marine x2  
  37  5:42  Infestation Level 2  
  37  5:53  Overlord x3  
  37  5:54  Overlord  
  37  6:30  Infested SCV  
  37  6:31  Infested SCV x2  
  40  6:42  Infested Bunker  
  36  6:56  Infested Command Center  
  36  7:27  Infested Marine x2  
  36  7:28  Infested Marine x7  
  36  7:29  Infested Marine x9  
  54  7:37  Regenerative Plating  
  54  7:42  Anaerobic Enhancement  
  54  7:52  Infested SCV x3  
  54  7:53  Infested SCV  
  58  8:04  Infested Bunker  
  62  8:37  Stukov Infantry Armor Level 1  
  62  8:42  Broodling Gestation  
  61  9:22  Infested SCV x3  
  61  9:29  Infested Bunker  
  51  10:16  Infested Bunker  
  50  10:26  Overlord x3  
  50  10:27  Infested SCV  
  47  10:38  Infested Factory  
  43  10:53  Infested Marine  
  43  10:54  Infested Marine x7  
  43  10:55  Infested Marine x12  
  43  11:21  Infested Marine  
  43  11:22  Infested Marine x4  
  44  11:32  Infested Barracks  
  44  11:36  Infested Barracks  
  40  11:55  Infested Marine x3  
  40  11:56  Infested Marine x4  
  47  12:02  Stukov Infantry Weapons Level 2  
  51  12:11  Infested Bunker  
  55  12:34  Infested Armory  
  55  12:35  Overlord x2  
  55  12:36  Overlord x2, Infested SCV  
  56  12:56  Infested Marine x5  
  56  12:57  Infested Marine x14  
  75  13:04  Plagued Munitions  
  75  13:07  Infested Bunker  
  75  13:17  Infested Marine  
  75  13:18  Infested Marine x15  
  75  13:19  Infested Marine  
  75  14:29  Infested Marine  
  68  14:30  Infested Marine x12  
  68  14:31  Infested Marine x21  
  98  15:05  Infested Bunker  
  105  15:12  Stukov Infantry Armor Level 2  
  105  15:18  Infested Bunker  
  105  15:19  Overlord x4  
  99  15:22  Aggressive Incubation, Infested SCV  
  99  15:26  Overseer x4  
  99  15:27  Overseer  
  100  15:58  Infested Marine  
  100  15:59  Infested Marine x13, Infested Bunker  
  98  16:00  Infested Marine x20  
  98  16:01  Infested Marine x5  
  98  16:09  Infested Bunker  
  114  16:12  Infested SCV x2  
  114  16:13  Infested SCV x3  
  87  16:52  Infested Marine  
  87  16:53  Infested Marine x11  
  106  17:28  Overlord  
  106  17:29  Overlord x2, Infested Bunker  
  106  17:30  Infested SCV  
  106  17:34  Infested SCV  
  106  17:38  Infested Refinery  
  108  17:41  Infested SCV x3  
  108  17:44  Infested Refinery  
  96  18:22  Calcified Armor, Infested Bunker  
  104  18:38  Infested Bunker  
  104  18:39  Infested Bunker  
  87  19:09  Infested Diamondback x4  
  99  19:18  Infested Factory, Infested Factory Tech Lab  
  99  19:22  Stukov Infantry Weapons Level 3  
  99  19:52  Infested Diamondback  
  99  19:53  Infested Diamondback x2  
  108  20:05  Infested Marine x8  
  108  20:06  Infested Marine x16  
  132  20:39  Infested Bunker  
  136  20:50  Infested Diamondback  
  136  21:56  Infested Diamondback  
  136  21:57  Infested Diamondback x4  
  138  22:31  Infested Bunker  
  142  22:53  Infested Marine x2, Infested Bunker  
  142  22:54  Infested Marine x15  
  159  23:02  Stukov Vehicle and Ship Armor Level 1, Stukov Infantry Armor Level 3  
  159  23:08  Saturated Cultures  
  159  23:21  Infested Bunker  
  159  23:44  Infested SCV x4  
  157  24:01  Infested Marine  
  157  24:02  Infested Marine x19  
  157  24:03  Infested Marine x19  
  157  24:04  Infested Marine x2  
  194  24:35  Infested Marine  
  194  24:36  Infested Marine x3  
  191  25:19  Infested Diamondback  
  187  25:20  Infested Diamondback  
  189  25:41  Stukov Vehicle and Ship Weapons Level 1  
  152  26:39  Infested Marine  
  153  26:40  Infested Marine x15  
  153  26:41  Infested Marine x21  
  153  26:42  Infested Marine x9  
  157  28:31  Infested Marine  
  157  28:32  Infested Marine x12  
  157  28:33  Infested Marine x12  
  177  28:59  Infested Diamondback x3  
  186  29:00  Infested Diamondback  
Show
View Real Time Build Order
Export as new Build Order

kayzer Protoss 

Build Orders:  

Get SALT Encoding   

  12  0:15  Pylon  
  12  0:21  Probe (Chrono Boost)  
  13  0:35  Probe (Chrono Boost)  
  14  0:45  Gateway  
  14  0:49  Probe (Chrono Boost)  
  14  0:59  Assimilator  
  15  1:03  Probe (Chrono Boost)  
  16  1:17  Probe (Chrono Boost), Assimilator  
  17  1:31  Pylon, Probe (Chrono Boost)  
  18  1:44  Probe (Chrono Boost)  
  19  1:54  Legionnaire  
  19  1:58  Probe (Chrono Boost)  
  23  2:01  Cybernetics Core  
  23  2:04  Kaldalis' A.I. Personality  
  23  2:12  Probe (Chrono Boost)  
  24  2:25  Twilight Council  
  24  2:26  Probe (Chrono Boost)  
  25  2:40  Probe (Chrono Boost)  
  25  2:44  Pylon  
  26  2:54  Probe (Chrono Boost)  
  27  3:08  Probe (Chrono Boost)  
  28  3:22  Probe (Chrono Boost)  
  28  3:29  Nexus  
  29  4:05  Probe (Chrono Boost)  
  30  4:16  Stargate  
  30  4:19  Probe (Chrono Boost), Robotics Facility  
  31  4:22  Talis' A.I. Personality  
  31  4:24  Adept  
  33  4:33  Probe (Chrono Boost)  
  34  4:47  Probe (Chrono Boost)  
  35  5:00  Probe (Chrono Boost)  
  35  5:02  Legionnaire  
  39  5:11  Probe (Chrono Boost)  
  39  5:15  Probe (Chrono Boost)  
  41  5:22  Mojo's A.I. Personality  
  41  5:25  Probe (Chrono Boost)  
  41  5:29  Probe (Chrono Boost)  
  42  5:39  Probe (Chrono Boost)  
  44  5:43  Probe (Chrono Boost)  
  44  5:44  Forge  
  44  5:47  Forge  
  45  5:50  Forge  
  45  5:52  Probe (Chrono Boost)  
  45  5:54  Robotics Bay  
  45  5:57  Probe (Chrono Boost)  
  45  5:59  Fleet Beacon  
  47  6:05  Protoss Air Weapons Level 1  
  47  6:06  Probe (Chrono Boost)  
  48  6:11  Probe (Chrono Boost), Assimilator  
  49  6:20  Probe (Chrono Boost)  
  49  6:21  Taldarin's A.I. Personality  
  49  6:24  Assimilator  
  50  6:34  Probe (Chrono Boost)  
  50  6:37  Protoss Shields Level 1  
  51  6:41  Observation Protocol  
  51  6:46  Purifier Armaments  
  51  6:48  Probe (Chrono Boost)  
  52  7:02  Probe (Chrono Boost)  
  53  7:16  Probe (Chrono Boost)  
  53  7:19  Charge  
  54  7:22  Clolarion's A.I. Personality  
  54  7:41  Protoss Ground Armor Level 1  
  54  8:06  Pylon  
  54  8:07  Pylon, Psionic Projection  
  54  8:10  Pylon  
  54  8:13  Pylon  
  54  8:15  Protoss Air Armor Level 1  
  54  8:16  Protoss Ground Weapons Level 1  
  54  8:18  Pylon  
  54  8:19  Pylon  
  54  8:20  Pylon  
  54  8:22  Warbringer's A.I. Personality  
  54  8:23  Pylon  
  54  8:32  Probe (Chrono Boost)  
  52  8:49  Probe (Chrono Boost)  
  53  8:56  Empowered Blades  
  48  9:06  Probe (Chrono Boost)  
  49  9:17  A Strong Heart  
  49  9:35  Adept  
  51  9:45  Debilitation System  
  51  9:51  Observer  
  51  9:56  Scout  
  55  10:08  Pylon  
  55  10:13  Adept  
  55  10:16  Gateway x2  
  57  10:22  Stargate  
  57  10:26  Scout, Stargate  
  60  10:38  Photon Cannon  
  60  10:40  Photon Cannon  
  60  10:47  Photon Cannon  
  56  10:51  Adept  
  56  10:54  Photon Cannon  
  56  10:56  Carrier  
  56  10:57  Photon Cannon  
  59  11:08  Photon Cannon  
  48  11:29  Adept  
  49  11:30  Adept x2  
  49  11:38  Protoss Shields Level 2  
  51  11:40  Protoss Ground Armor Level 2  
  51  11:42  Protoss Ground Weapons Level 2  
  43  11:52  Probe (Chrono Boost)  
  43  11:57  Probe (Chrono Boost)  
  45  12:07  Adept  
  45  12:08  Adept x2  
  45  12:09  Probe (Chrono Boost)  
  52  12:14  Probe (Chrono Boost)  
  53  12:20  Carrier x2  
  53  12:26  Probe (Chrono Boost)  
  67  12:31  Probe (Chrono Boost)  
  67  12:43  Probe (Chrono Boost)  
  67  12:44  Pylon x2  
  67  12:45  Pylon, Adept  
  67  12:46  Adept x2  
  67  12:48  Probe (Chrono Boost)  
  69  13:00  Probe (Chrono Boost)  
  69  13:05  Probe (Chrono Boost)  
  70  13:22  Adept  
  70  13:24  Adept x2  
  76  13:45  Carrier  
  78  14:00  Adept  
  78  14:02  Adept x2  
  84  14:19  Carrier  
  84  14:20  Carrier  
  96  14:38  Adept  
  96  14:39  Protoss Air Armor Level 2  
  98  14:40  Adept x2  
  98  15:00  Protoss Shields Level 3  
  98  15:01  Protoss Ground Armor Level 3  
  98  15:03  Protoss Ground Weapons Level 3  
  99  15:11  Probe (Chrono Boost)  
  99  15:16  Adept  
  99  15:18  Adept x2  
  105  15:28  Probe (Chrono Boost)  
  106  15:33  Probe (Chrono Boost)  
  107  15:42  Immortal  
  107  15:45  Probe (Chrono Boost)  
  107  15:48  Scout  
  116  15:50  Probe (Chrono Boost)  
  116  15:54  Adept  
  116  15:55  Combat Sensor Array  
  116  15:56  Legionnaire x2  
  116  15:57  Carrier  
  124  16:02  Probe (Chrono Boost)  
  124  16:04  Extended Thermal Lance  
  124  16:07  Probe (Chrono Boost)  
  126  16:18  Scout  
  126  16:19  Probe (Chrono Boost)  
  136  16:24  Probe (Chrono Boost)  
  136  16:25  Legionnaire  
  140  16:36  Probe (Chrono Boost)  
  140  16:37  Colossus  
  148  16:41  Probe (Chrono Boost)  
  143  17:49  Protoss Air Weapons Level 2  
  143  17:52  Observer  
  143  17:54  Graviton Catapult  
  143  17:56  Cloaking Module  
  144  18:22  Disruptor  
  145  18:56  Purification Echo  
  145  19:21  Observer  
  134  20:36  Carrier  
  134  20:49  Carrier  
  140  20:50  Carrier  
  140  20:59  Protoss Air Armor Level 3  
  140  21:16  Pylon  
  140  21:17  Pylon  
  140  21:18  Pylon  
  134  21:20  Pylon x2  
  134  21:22  Pylon  
  132  22:07  Legionnaire  
  132  22:08  Legionnaire x2  
  141  22:14  Carrier  
  144  23:09  Pylon  
  144  23:11  Carrier  
  144  23:12  Carrier  
  144  23:14  Pylon  
  144  23:18  Legionnaire x3  
  165  23:42  Photon Cannon  
  165  23:44  Photon Cannon  
  165  23:46  Photon Cannon  
  165  23:51  Photon Cannon x2  
  165  23:52  Carrier  
  165  23:54  Photon Cannon  
  165  23:55  Photon Cannon  
  165  23:56  Photon Cannon  
  165  24:01  Photon Cannon  
  165  24:03  Photon Cannon  
  165  24:05  Photon Cannon  
  165  24:07  Photon Cannon  
  165  24:10  Photon Cannon x2  
  165  24:13  Photon Cannon  
  165  24:15  Photon Cannon  
  165  24:16  Photon Cannon  
  171  24:21  Photon Cannon  
  171  24:23  Photon Cannon  
  171  24:27  Photon Cannon x2  
  171  24:30  Photon Cannon  
  171  24:32  Photon Cannon x2  
  171  24:35  Photon Cannon  
  171  24:39  Protoss Air Weapons Level 3  
  171  24:41  Photon Cannon x2  
  171  24:44  Photon Cannon  
  171  24:47  Photon Cannon  
  171  24:48  Photon Cannon  
  171  24:50  Photon Cannon  
  171  25:10  Photon Cannon  
  171  25:11  Carrier  
  171  25:12  Carrier  
  171  25:13  Photon Cannon  
  171  25:15  Photon Cannon  
  171  25:17  Photon Cannon  
  171  25:18  Photon Cannon  
  183  25:20  Photon Cannon  
  177  25:30  Carrier  
  183  26:46  Pylon  
  183  27:08  Carrier  
  183  27:11  Scout  
  183  27:12  Scout  
  189  27:26  Photon Cannon  
  189  27:27  Photon Cannon  
  189  27:34  Photon Cannon x2  
  189  27:39  Photon Cannon  
  195  27:41  Photon Cannon, Scout  
  195  27:45  Photon Cannon  
  195  27:47  Photon Cannon  
  195  27:49  Photon Cannon  
  198  27:54  Photon Cannon  
  198  27:55  Photon Cannon  
  198  27:58  Photon Cannon  
  198  28:04  Photon Cannon  
  198  28:09  Photon Cannon x2  
  198  28:13  Photon Cannon  
  198  28:15  Photon Cannon  
  198  28:18  Photon Cannon  
  198  28:19  Optimized Emitters  
  198  28:21  Photon Cannon  
  198  28:25  Photon Cannon  
  198  28:30  Photon Cannon  
  198  28:35  Photon Cannon  
  198  28:38  Photon Cannon  
Tags
 
Commander
FenixStukov
Matchup
Co-op
Replay Pack
Multiplayer
Add a new tag
Caveats
  • Supply blocks, unpowered buildings, or Contaminate may cause inaccurate times.
  • Supply counts are checked every 10 seconds.